 Dungeon Crawl Stone Soup version 0.30-a0-691-g754fce4c43 (webtiles) character file.

Game seed: 577858121511753281

184 kae the Changer (level 5, -2/37 HPs)
             Began as a Demonspawn Transmuter on Jan 19, 2023.
             Succumbed to Robin's poison
             ... on level 4 of the Dungeon.
             The game lasted 00:04:04 (2731 turns).

kae the Changer (Demonspawn Transmuter)             Turns: 2731, Time: 00:04:05

Health: -2/37      AC:  2    Str: 10    XL:     5   Next: 36%
Magic:  7/9        EV: 19    Int: 16    God:
Gold:   151        SH:  0    Dex: 19    Spells: 0/10 levels left

rFire   . . .      SeeInvis .      - Unarmed
rCold   . . .      Faith    .    (shield currently unavailable)
rNeg    . . .      Spirit   .    (body armour currently unavailable)
rPois   x          Reflect  .    (helmet currently unavailable)
rElec   .          Harm     .    (cloak currently unavailable)
rCorr   .          Rampage  .    (gloves currently unavailable)
Will    +....                    (boots currently unavailable)
Stlth   ++                       (no amulet)
HPRegen 0.26/turn                Z - ring of wizardry
MPRegen 0.22/turn                c - ring of willpower

@: mighty, lethally poisoned (-2 -> -25), spider-form, flying
A: venomous fangs, tiny, (hooves 1), magic regeneration, (weakness stinger 1)
a: End Transformation


You were on level 4 of the Dungeon.
You were a venomous arachnid creature.
You visited 1 branch of the dungeon, and saw 4 of its levels.

You collected 151 gold pieces.


Innate Abilities, Weirdness & Mutations

You are a venomous arachnid creature.
You have venomous fangs.
You are tiny and dextrous.
Your spellcasting is less reliable in this form.
Your armour is entirely melded.
You are incapable of wielding weapons or throwing items.
((You have large cloven feet.))
You regenerate magic rapidly.
((You have a small tail.))


   Skills:
 - Level 1.0 Fighting
 - Level 1.7 Dodging
 + Level 3.5 Unarmed Combat
 + Level 3.0 Spellcasting
 * Level 3.8 Transmutations
 * Level 0.5 Ice Magic


You couldn't memorise any spells.
You knew the following spells:

 Your Spells              Type           Power      Damage    Failure   Level
a - Beastly Appendage     Tmut           28%        N/A       4%          1
b - Wereblood             Tmut           14%        N/A       7%          2
c - Spider Form           Tmut/Pois      8%         N/A       21%         3
d - Ice Form              Ice/Tmut       9%         N/A       45%         4

Your spell library contained the following spells:

 Spells                   Type           Power      Damage    Failure   Level
 Passwall                 Tmut/Erth      6%         N/A       12%         2
 Sandblast                Erth           4%         2d4       16%         1
 Lesser Beckoning         Tloc           4%         N/A       22%         2
 Stone Arrow              Conj/Erth      4%         3d7       38%         3
 Sticky Flame             Conj/Fire      2%         2d3       71%         4
 Fire Storm               Conj/Fire      1%         7d1       100%        9

Inventory:

Missiles
 e - 25 stones
 o - 2 poisoned darts
Armour
 a - a +0 robe (melded)
 p - a +1 cloak (melded)
   (You found it on level 3 of the Dungeon)
Magical Staves
 m - a staff of air {!a}
   (You found it on level 3 of the Dungeon)
Jewellery
 c - a ring of willpower (right front pincers)
   (You found it on level 2 of the Dungeon)
 w - a ring of magical power
   (You found it on level 4 of the Dungeon)
 W - a ring of magical power
   (You found it on level 1 of the Dungeon)
 Z - a ring of wizardry (left front pincers)
   (You found it on level 3 of the Dungeon)
Scrolls
 g - a scroll of noise {!r}
Potions
 b - 2 potions of lignification {!q}
 d - 2 potions of degeneration {!q}
 f - a potion of attraction {unknown}
 h - 2 potions of mutation {unknown}
 i - a potion of haste {unknown}
 n - a potion of curing {unknown}

Dungeon Overview and Level Annotations

Branches:
Dungeon (4/15) Zot: 21279
 Temple: D:4-7

Altars:

Annotations:
D:4 Robin

####...[...#
...#.......#
...#.......#####...
...................
..#####...#.###### ..#
#####.# ###########
..# #.# #.)........
..# #.# #.#########
..# #.####s# #######
..# #...##g# #.....# .
..# ###.##S# #.....#
.. ..#
#...)#######.....#...
..#
###)............)....
..#
##.))...............
###
##...................
#....................
#.....................


You could see Robin and a ball python.


Message History

Your primal bloodlust is almost over.
Robin roars a battlecry!
The goblins go into a battle-frenzy!
The goblin hits you with a +0 club. 😕 HP[-1] MP[+1]
You take 1 damage, and now have 36/37 hp.
You punch the goblin!
You feel a bit better.
You kill the goblin!
The goblin completely misses you.
Robin says, "Bow before me, strongest of all the hobgoblins!"
Robin throws the goblin at you! The goblin misses you.
You punch the goblin!
You kill the goblin! 😎 HP[+1]
Your hp is fully restored (37).
You hit the goblin. You tail-slap the goblin.
You kill the goblin!
Robin throws the goblin at you! The goblin closely misses you.
You hit the goblin.
You kill the goblin!
The goblin closely misses you. 😎 MP[+1]
You punch the goblin!
You kill the goblin!
You hear an angry hiss.
Robin zaps a wand.
The roots erupt in riotous growth!
The grasping roots grab you!
The goblin is unaffected.
The grasping roots constrict you. The goblin hits you but does no damage.
You barely miss the goblin.
You howl as the wereblood boils in your veins!
The grasping roots constrict you. The goblin hits you but does no damage.
A ball python comes into view.
You hit the goblin.
You feel a bit better.
You kill the goblin!
You howl as the wereblood boils in your veins!
Your primal bloodlust has ended.
The grasping roots constrict you. 😕 HP[-7]
You take 7 damage, and now have 30/37 hp.
You hit the goblin. You kick the goblin.
You kill the goblin!
The grasping roots constrict you.
You hit Robin but do no damage. You kick Robin.
Your tail-slap misses Robin.
Robin hits you but does no damage.
You are poisoned.
The grasping roots constrict you.
The grasping roots release their grip on you. 😮 HP[-5] MP[+1]
You take 5 damage, and now have 25/37 hp.
Your mp is fully restored (9).
Casting: Wereblood (safe; 2% risk of failure)
Confirm with . or Enter, or press ? or * to list all spells.
You turn into a venomous arachnid creature.
Your +1 cloak melds into your body.
Your +0 robe melds into your body.
You feel sick. Robin closely misses you.
You feel sick.
Robin completely misses you. 😮 HP[-3] MP[-3]
You take 3 damage, and now have 22/37 hp.
You lost 3 mp, and now have 6/9 mp.
There are monsters nearby!
Robin attacks as you move away!
Robin hits you with a +0 dagger of venom.
You are lethally poisoned!
The ball python attacks as you move away!
The ball python bites you but does no damage.
* * * LOW HITPOINT WARNING * * *
You feel very sick.
Things that are here:
a +0 dagger; a +0 dagger; 😨 HP[-7]
You take 7 damage, and now have 15/37 hp.
The ball python attacks as you move away!
The ball python misses you. x2
* * * LOW HITPOINT WARNING * * *
You feel very sick. 😨 HP[-3] MP[+1]
You take 3 damage, and now have 12/37 hp.
* * * LOW HITPOINT WARNING * * *
You feel very sick.
Robin says, "Kneel, worm!" 😱 HP[-4]
You take 4 damage, and now have 8/37 hp.
* * * LOW HITPOINT WARNING * * *
You feel sick. 😱 HP[-2]
You take 2 damage, and now have 6/37 hp.
It was a potion of might.
You feel very mighty all of a sudden.
* * * LOW HITPOINT WARNING * * *
You feel very sick.
Robin hits you with a +0 dagger of venom.
* * * LOW HITPOINT WARNING * * *
You are more poisoned. 😱 HP[-3]
You take 3 damage, and now have 3/37 hp.
It was a potion of flight.
You feel very buoyant.
You fly up into the air.
You die...

Skill      XL: |  1  2  3  4 |
---------------+-------------+-----
Transmutations | 2 3 |  3.8
Unarmed Combat | 3 |  3.5
Spellcasting   | 3 |  3.0
Fighting       | |  1.0
Dodging        | |  1.7
Ice Magic      | |  0.5

Action                   |  1- 3 |  4- 6 || total
-------------------------+-------+-------++-------
Melee: Unarmed           |   121 |    30 ||   151
       Kick              |    20 |     2 ||    22
       Headbutt          |    11 |     1 ||    12
       Tailslap          |     6 |     1 ||     7
       Punch             |     3 |       ||     3
 Cast: Beastly Appendage |    36 |     2 ||    38
       Spider Form       |     1 |     3 ||     4
       Wereblood         |       |     1 ||     1
  Use: Scroll            |     8 |       ||     8
       Potion            |       |     2 ||     2
 Stab: Sleeping          |     1 |       ||     1
Armor: Robe              |    18 |     6 ||    24
       Skin              |       |     2 ||     2
Dodge: Dodged            |    79 |    34 ||   113

Levels and vault maps discovered:
D:1:      sevenhm_arrival_forest_fort_large_3, layout_basic,
          dreamdust_princess_corridor, minivault_19, minivault_23
D:2:      layout_rooms, basic_ecumenical_altar
D:3:      layout_loops_ring
D:4:      layout_basic, uniq_robin, uniq_pargi, uniq_pikel

Notes
Turn   | Place    | Note
-------+----------+-------------------------------------------
     0 | D:1      | kae the Demonspawn Transmuter began the quest for the Orb.
     0 | D:1      | Reached XP level 1. HP: 15/15 MP: 3/3
     0 | D:1      | magus.rc [v1.11.3]
    64 | D:1      | Reached skill level 2 in Transmutations
   251 | D:1      | You feel monstrous as your demonic heritage exerts itself.
   251 | D:1      | Discovered your monstrous ancestry.
   251 | D:1      | Gained mutation: You have a small tail. [demonic ancestry]
   251 | D:1      | Reached XP level 2. HP: 21/21 MP: 3/5
   970 | D:1      | Learned a level 2 spell: Wereblood
   993 | D:2      | Reached skill level 3 in Unarmed Combat
  1040 | D:2      | Gained mutation: You regenerate magic rapidly. [demonic
                  | ancestry]
  1040 | D:2      | Reached XP level 3. HP: 26/26 MP: 6/6
  1044 | D:2      | Learned a level 3 spell: Spider Form
  1073 | D:2      | Found a faded altar of an unknown god.
  1782 | D:3      | Reached skill level 3 in Transmutations
  1895 | D:3      | You add the spells Lesser Beckoning, Sticky Flame and Fire
                  | Storm to your library.
  1895 | D:3      | Got Foiwa Xili's Catalogue of Incandescence and Coordinates
  2481 | D:4      | Noticed Pargi
  2503 | D:3      | Gained mutation: You have large cloven feet. [demonic
                  | ancestry]
  2503 | D:3      | Reached XP level 4. HP: 30/32 MP: 3/7
  2526 | D:4      | Killed Pargi
  2527 | D:4      | Reached skill level 3 in Spellcasting
  2527 | D:4      | Reached XP level 5. HP: 22/37 MP: 5/9
  2602 | D:4      | Learned a level 4 spell: Ice Form
  2650 | D:4      | You pick up a book of Geomancy and begin reading...
  2650 | D:4      | You add the spells Sandblast, Passwall and Stone Arrow to
                  | your library.
  2675 | D:4      | Noticed Robin
  2728 | D:4      | HP: 8/37 [poisoned by Robin]
  2730 | D:4      | HP: 3/37 [Robin/+0 dagger of venom (1)]
  2731 | D:4      | Succumbed to Robin's poison

Vanquished Creatures
  Pargi (D:4)
  2 adders
  A worm (D:3)
  3 dart slugs
  5 endoplasms
  3 giant cockroaches
  18 goblins
  9 hobgoblins
  6 kobolds
  8 ball pythons
  3 bats (D:3)
  3 frilled lizards
  4 rats
66 creatures vanquished.

Table legend:
 A = Non-vault XP
 B = Vault XP
 C = Vault XP percentage of total XP
 D = Non-vault monster count
 E = Vault monster count
 F = Vault count percentage of total count
                 A         B        C        D         E       F
            +---------+---------+-------+---------+---------+-------
      Total |     117 |     146 |  55.5 |      53 |      13 |  19.7
            +---------+---------+-------+---------+---------+-------
        D:1 |      34 |       0 |   0.0 |      20 |       0 |   0.0
        D:2 |      23 |       0 |   0.0 |      13 |       0 |   0.0
        D:3 |      43 |       0 |   0.0 |      16 |       0 |   0.0
        D:4 |      17 |     146 |  89.6 |       4 |      13 |  76.5
            +---------+---------+-------+---------+---------+-------

Illustrated notes

Table legend:
 A = Kills in this place as a percentage of kills in entire the game.
 B = Kills by you in this place as a percentage of kills by you in the entire game.
 C = Kills by friends in this place as a percentage of kills by friends in the entire game.
 D = Other kills in this place as a percentage of other kills in the entire game.
 E = Experience gained in this place as a percentage of experience gained in the entire game.
 F = Experience gained in this place divided by the number of levels of this place that you have seen.
                   A       B       C       D       E      F
               +-------+-------+-------+-------+-------+----------------------
         Total | 100.0 | 100.0 |   N/A |   N/A | 100.0 |  65.8
       Dungeon | 100.0 | 100.0 |   N/A |   N/A | 100.0 |  65.8
               +-------+-------+-------+-------+-------+----------------------

Table legend: (Time is in decaauts)
 A = Elapsed time spent in this place.
 B = Non-inter-level travel time spent in this place.
 C = Inter-level travel time spent in this place.
 D = Time resting spent in this place.
 E = Time spent auto-exploring this place.
 F = Levels seen in this place.
 G = Mean time per level.
                   A        B        C        D        E       F      G
               +--------+--------+--------+--------+--------+-----+--------+
         Total |   2720 |   2657 |     63 |    107 |   2041 |   4 |  680.0 |
       Dungeon |   2720 |   2657 |     63 |    107 |   2041 |   4 |  680.0 |
               +--------+--------+--------+--------+--------+-----+--------+

Top non-repeatable levels by time:
     D:1: 984 daAuts
     D:3: 922 daAuts
     D:2: 562 daAuts
     D:4: 250 daAuts
